 Dungeon Crawl Stone Soup version 0.24.0-2-g5b39cebb1c (webtiles) character file.

Game seed: 5523655781955651410, levelgen mode: deterministic

2161 Mrkan the Cleaver (level 9, -8/78 HPs)
             Began as a Hill Orc Fighter on Oct 31, 2019.
             Was a Believer of Fedhas.
             Killed from afar by Erica (26 damage)
             ... with a bolt of poison
             ... on level 8 of the Dungeon.
             The game lasted 00:13:05 (6370 turns).

Mrkan the Cleaver (Hill Orc Fighter)                Turns: 6370, Time: 00:13:05

Health: -8/78      AC: 12    Str: 19    XL:     9   Next: 32%
Magic:  13/13      EV:  4    Int:  8    God:    Fedhas [**....]
Gold:   417        SH: 11    Dex: 13    Spells: 8/8 levels left

rFire    . . .     SeeInvis .   a - +1 war axe
rCold    . . .     Gourm    .   c - +1 shield
rNeg     . . .     Faith    .   D - +0 plate armour
rPois    .         Spirit   .   (no helmet)
rElec    .         Reflect  .   (no cloak)
rCorr    .         Harm     .   (no gloves)
MR       .....                  (no boots)
Stlth    ..........             (no amulet)
HPRegen  0.23/turn              (no ring)
MPRegen  0.13/turn              (no ring)

@: lethally poisoned (-8 -> -28), very slow
A: no striking features
a: Wall of Briars, Renounce Religion


You were on level 8 of the Dungeon.
You worshipped Fedhas.
Fedhas was pleased with you.
You were not hungry.

You visited 1 branch of the dungeon, and saw 8 of its levels.

You collected 417 gold pieces.

Inventory:

Hand Weapons
 a - a +1 war axe (weapon)
Armour
 c - a +1 shield (worn)
 D - a +0 plate armour (worn)
Jewellery
 h - an uncursed amulet of harm {unknown}
 k - an uncursed ring of wizardry
 n - an uncursed ring of poison resistance
 y - a +3 ring of protection {unknown}
Wands
 x - a wand of iceblast (5)
 E - a wand of acid (3)
Scrolls
 b - 4 scrolls of identify
 i - 5 scrolls of remove curse
 o - a scroll of immolation
 q - a scroll of enchant armour
 t - 6 scrolls of teleportation
 A - a scroll of enchant weapon
Potions
 d - a potion of might
 e - 3 potions of brilliance
 j - a potion of flight
 l - a potion of magic {unknown}
 m - 4 potions of curing
 r - a potion of degeneration {unknown}
 s - a potion of lignification {unknown}
 u - a potion of cancellation {unknown}
 v - a potion of haste
Comestibles
 f - 13 rations
 g - 3 chunks of flesh


   Skills:
 + Level 6.9 Fighting
 * Level 9.7 Axes
 + Level 6.3 Armour
 + Level 6.3 Shields
 + Level 5.6 Invocations


You had 8 spell levels left.
You didn't know any spells.
Your spell library contained the following spells:

 Spells                   Type           Power        Failure   Level  Hunger
 Magic Dart               Conj           #...         100%        1    ##.....
 Sandblast                Erth           #.....       100%        1    ##.....
 Blink                    Tloc           N/A          100%        2    ###....
 Call Imp                 Summ           #.......     100%        2    ###....
 Passwall                 Tmut/Erth      #.......     100%        2    ###....
 Slow                     Hex            #.......     100%        2    ###....
 Conjure Flame            Conj/Fire      #.......     100%        3    ####...
 Mephitic Cloud           Conj/Pois/Air  #.......     100%        3    ####...
 Stone Arrow              Conj/Erth      #.....       100%        3    ####...
 Petrify                  Tmut/Erth      #.......     100%        4    #####..
 Lee's Rapid Deconstruct  Erth           #.........   100%        5    ######.


Dungeon Overview and Level Annotations

Branches:
Dungeon (8/15)             Temple (0/1) D:4
   Lair: D:8-11

Altars:
Ashenzari
Fedhas
Qazlal
Ru
Sif Muna
Trog
Vehumet
Wu Jian
Yredelemnul
Zin
Beogh

Shops:
D:6 ?   D:7 =

Annotations:
D:7 3 runed translucent doors, wullow85's ghost, novice DrVM
D:8 Erica


Message History

Okay, then.
You walk carefully through the plants.
You feel very sick. Something hits you but does no damage.
You feel sick. Something completely misses you. Something hits you!
* * * LOW HITPOINT WARNING * * *
Something burns you.
* * * LOW HITPOINT WARNING * * *
The ice beast hits you but does no damage.
You hear some strange, mumbled words.
A bolt of poison appears from out of thin air!
The bolt of poison misses you.
The bolt of poison hits the plant.
The bolt of poison hits the plant!
The ice beast hits you but does no damage.
You hear some strange, mumbled words.
A bolt of poison appears from out of thin air!
The bolt of poison hits you!!
You are lethally poisoned!
You die...
Fedhas appreciates your contribution to the ecosystem.

****,<****,*#.#.# #.#
*≈≈,≈,,,**,**.#.#***##### #.#
*≈≈≈≈≈≈.##,**,...,,,,...# #.#
,≈≈≈≈≈≈P...***#.#**####.###.#
,,≈≈≈*≈PPP.####.####........#
,*≈≈≈≈≈≈♣P≈PP........##.#####
,**,≈,≈≈≈♣≈≈≈≈PP..#####.#
,**,,,≈≈≈P♣≈≈≈PPP.# #.#
,**,,,,,,≈♣≈≈♣÷P@.# #.#
,,,,,,,≈PPP♣*♣≈YP## #.#
***,,,,≈PP*≈♣≈≈P≈# #.#
***,,,≈≈≈≈≈♣≈P.≈# #.# *
**≈,≈,≈≈*≈≈≈PP...# #.# *
*≈≈≈≈≈≈≈≈≈≈≈P.P#.# *,* *
*≈≈≈*≈≈≈PP≈≈####.# *,* *
*≈,≈≈≈≈≈PP..,,,..# *,* *
****,,,,##.**,*###*****,*********


You could see an ice beast.

Vanquished Creatures
  Pikel (D:5)
  A hungry ghost (D:6)
  2 orc warriors (D:7)
  A centaur (D:7)
  4 ogres
  3 bullfrogs
  A scorpion (D:7)
  A howler monkey (D:6)
  An electric eel (D:8)
  A crimson imp (D:6)
  2 bullfrog zombies
  2 orc priests
  A centaur skeleton (D:5)
  2 iguanas
  3 orc wizards
  3 worker ants
  A hound skeleton (D:7)
  6 adders
  4 gnolls
  3 oozes
  3 adder skeletons
  4 worms
  A dart slug (D:1)
  7 leopard geckos
  20 orcs
  2 ball pythons
  7 bats
  5 giant cockroaches
  8 hobgoblins
  6 jackals
  7 quokkas
  6 frilled lizards
  A giant cockroach zombie (D:5)
  9 goblins
  11 kobolds
  A leopard gecko skeleton (D:4)
  A quokka skeleton (D:4)
  10 rats
  A spectral orc (D:7)
153 creatures vanquished.

Vanquished Creatures (others)
  A howler monkey (D:5)
1 creature vanquished.

Grand Total: 154 creatures vanquished

Notes
Turn   | Place    | Note
-------+----------+-------------------------------------------
     0 | D:1      | Mrkan the Hill Orc Fighter began the quest for the Orb.
     0 | D:1      | Reached XP level 1. HP: 19/19 MP: 1/1
   131 | D:1      | Reached skill level 3 in Axes
   153 | D:1      | Reached XP level 2. HP: 23/27 MP: 2/2
   381 | D:1      | Reached XP level 3. HP: 31/33 MP: 3/3
  1074 | D:2      | Reached skill level 4 in Axes
  1074 | D:2      | Reached XP level 4. HP: 30/40 MP: 4/4
  1342 | D:3      | Found a sacrificial altar of Ru.
  1389 | D:3      | Reached XP level 5. HP: 35/47 MP: 5/5
  1653 | D:3      | Found a radiant altar of Vehumet.
  1658 | D:3      | Found a glowing silver altar of Zin.
  1658 | D:3      | Found a blossoming altar of Fedhas.
  1662 | D:3      | Found a shimmering blue altar of Sif Muna.
  1676 | D:3      | Became a worshipper of Fedhas Madash
  1708 | D:3      | Found an ornate altar of the Wu Jian Council.
  1942 | D:3      | Reached skill level 5 in Axes
  2010 | D:4      | Noticed an ogre
  2021 | D:4      | Killed an ogre
  2021 | D:4      | Reached skill level 1 in Invocations
  2021 | D:4      | Reached XP level 6. HP: 43/55 MP: 5/7
  2146 | D:4      | Reached skill level 5 in Fighting
  2294 | D:4      | Reached skill level 6 in Axes
  2417 | D:4      | Reached XP level 7. HP: 25/61 MP: 8/8
  2768 | D:4      | Found a staircase to the Ecumenical Temple.
  2786 | D:4      | Reached * piety under Fedhas
  3051 | D:5      | Entered Level 5 of the Dungeon
  3463 | D:5      | Found a shattered altar of Ashenzari.
  3727 | D:5      | Found a bloodstained altar of Trog.
  3864 | D:5      | Noticed Pikel
  3891 | D:5      | Killed Pikel
  3891 | D:5      | Reached skill level 7 in Axes
  3891 | D:5      | Reached skill level 5 in Armour
  3891 | D:5      | Reached skill level 5 in Shields
  3891 | D:5      | Reached XP level 8. HP: 42/70 MP: 9/11
  3893 | D:5      | Reached skill level 8 in Axes
  4155 | D:6      | Found a stormy altar of Qazlal.
  4594 | D:6      | Found Ogyhawib's Magic Scroll Shoppe.
  4908 | D:6      | Reached skill level 9 in Axes
  4908 | D:6      | Reached skill level 5 in Invocations
  4908 | D:6      | Reached XP level 9. HP: 71/78 MP: 12/12
  5240 | D:7      | Found Wuergh's Jewellery Shoppe.
  5308 | D:7      | Found a basalt altar of Yredelemnul.
  5311 | D:7      | Reached ** piety under Fedhas
  6057 | D:7      | Found a runed translucent gate.
  6058 | D:7      | Found a runed translucent gate.
  6058 | D:7      | Noticed wullow85's ghost (novice DrVM)
  6059 | D:7      | Found a runed translucent gate.
  6060 | D:7      | Identified the +7 battleaxe of the First Runes {distort,
                  | MR+}
  6065 | D:7      | Found a roughly hewn altar of Beogh.
  6360 | D:8      | Noticed Erica
  6370 | D:8      | Killed from afar by Erica

Levels and vault maps discovered:
D:1:      matt_arrival_debris, layout_basic, minmay_vboxes
D:2:      layout_basic, minmay_pentomino_w4
D:3:      layout_basic, nicolae_overflow_hidden_temple,
          nicolae_ru_great_annihilating_truth, minitemple, grunt_ministairs_2
D:4:      layout_gridville, minmay_temple_entry_statues_pillars, first_ration
D:5:      layout_loops_ring, lightli_temple_of_fire,
          nicolae_ashenzari_panopticon, uniq_pikel
D:6:      layout_gridville, grunt_qazlal_clouds, serial_shops, shop,
          st_stairs_6, minmay_circle_x
D:7:      layout_basic, yredelemnul_forgotten_temple_becter,
          biasface_ghost_orc_armoury, serial_shops, nicolae_shop_stone
D:8:      layout_loops_ring, grunt_ogre_cave, serial_bayou_lagoon_a, uniq_erica,
          uniq_maurice

Skill      XL: |  1  2  3  4  5  6  7  8  9 |
---------------+----------------------------+-----
Axes           | 3 4 5 6 7 9 |  9.7
Fighting       | 4 5 6 |  6.9
Shields        | 4 5 6 |  6.3
Armour         | 4 5 6 |  6.3
Invocations    | 1 2 4 5 |  5.6

Action                   |  1- 3 |  4- 6 |  7- 9 || total
-------------------------+-------+-------+-------++-------
Melee: War axe           |   147 |   164 |   303 ||   614
Invok: Wall of Briars    |       |       |     1 ||     1
  Use: Scroll            |       |       |    11 ||    11
 Stab: Paralysed         |       |     1 |       ||     1
  Eat: Chunk             |       |     6 |    14 ||    20
       Ration            |       |       |     3 ||     3
Armor: Scale mail        |    50 |       |       ||    50
       Chain mail        |    49 |    87 |   119 ||   255
       Plate armour      |       |       |     7 ||     7
Dodge: Dodged            |    59 |    40 |    50 ||   149
Block: Shield            |   113 |    81 |   144 ||   338
